 Dungeon Crawl Stone Soup version 0.31.0-32-g396128a36d (webtiles) character file.

Game seed: 3659304621965562409

279 belegose the Sneak (level 6, -1/30 HPs)
             Began as a Vine Stalker Brigand on Apr 2, 2024.
             Slain by a gnoll
             ... wielding a +0 spear
              (6 damage)
             ... on level 5 of the Dungeon.
             The game lasted 00:19:32 (3164 turns).

belegose the Sneak (Vine Stalker Brigand)           Turns: 3164, Time: 00:19:32

Health: -1/30      AC:  5    Str: 14    XL:     6   Next: 26%
Magic:  0/7        EV: 11    Int: 13    God:
Gold:   202        SH:  0    Dex: 15    Spells: 3/5 levels left

rFire   . . .        a - +2 dagger
rCold   + . .        (no shield)
rNeg    . . .        b - +0 robe
rPois   .            f - +0 helmet
rElec   .            c - +0 cloak
rCorr   .            x - +0 pair of gloves
SInv    .            (no boots)
Will    +....        m - amulet of magic regeneration
Stlth   +++          g - ring of willpower
HPRegen 1.05/turn    h - ring of protection from cold
MPRegen 0.50/turn

%: guardian spirit
@: no status effects
A: fangs 2, regeneration 1, magic shield, antimagic bite, no potion heal 2
a: no special abilities


You were on level 5 of the Dungeon.
You visited 1 branch of the dungeon, and saw 5 of its levels.

You collected 202 gold pieces.

Inventory:

Hand Weapons
 a - a +2 dagger (weapon)
Missiles
 d - 13 poisoned darts
 k - 36 stones (quivered)
Armour
 b - a +0 robe (worn)
 c - a +0 cloak (worn)
 f - a +0 helmet (worn)
 p - a scarf of invisibility
 x - a +0 pair of gloves (worn)
Magical Staves
 i - a staff of alchemy
 y - a staff of air
Jewellery
 g - a ring of willpower (left hand)
 h - a ring of protection from cold (right hand)
 m - an amulet of magic regeneration (around neck)
 t - a ring of protection from cold
 v - a ring of fire
 w - an amulet of the acrobat
Scrolls
 j - a scroll of immolation {unknown}
 l - a scroll of acquirement {unknown}
 n - a scroll of torment {unknown}
 o - 3 scrolls of teleportation {unknown}
 q - 2 scrolls of identify {unknown}
 s - a scroll of butterflies {unknown}
 u - 2 scrolls of poison {unknown}
Potions
 r - 2 potions of curing


   Skills:
 - Level 1.7 Fighting
 + Level 3.6 Short Blades
 + Level 3.6 Throwing
 - Level 0.7 Dodging
 + Level 6.6 Stealth


You had 3 spell levels left.
You knew the following spells:

 Your Spells              Type           Power      Damage    Failure   Level
a - Blink                 Tloc           0%         N/A       43%         2

Your spell library contained the following spells:

 Spells                   Type           Power      Damage    Failure   Level
 Lesser Beckoning         Tloc           0%         N/A       43%         2
 Momentum Strike          Conj/Tloc      0%         3d8       43%         2
 Sublimation of Blood     Necr           0%         N/A       43%         2
 Petrify                  Alch/Erth      0%         N/A       97%         4
 Irradiate                Conj/Alch      0%         3d11      100%        5


Dungeon Overview and Level Annotations

Branches:
Dungeon (5/15)
 Temple: D:4-7

Altars:
Uskayaw

Shops:
D:3 *

Annotations:
D:5 exclusion: upstairs


Innate Abilities, Weirdness & Mutations

You have extremely sharp teeth.
Your natural rate of healing is unusually fast.
When hurt, damage is shared between your health and your magic reserves.
Your bite disrupts and absorbs the magic of your enemies.
Potions cannot restore your health.


Message History

You feel invigorated.
The gnoll is heavily wounded.
The gnoll hits you with a +0 spear!
You hit the gnoll but do no damage.
The gnoll is heavily wounded.
You barely miss the gnoll.
The gnoll is heavily wounded.
The gnoll hits you with a +0 spear.
You barely miss the gnoll.
The gnoll shouts!
You bite the gnoll. You drain its power.
You feel invigorated.
The gnoll is severely wounded.
The gnoll hits you with a +0 spear. The gnoll attacks as it pursues you!
The gnoll hits you from afar with a +0 spear. x2
The gnoll attacks as it pursues you! The gnoll hits you but does no damage.
The gnoll hits you from afar with a +0 spear.
The gnoll closely misses you. The ufetubus slips past you!
The ufetubus closely misses you. The ufetubus barely misses you.
The gnoll attacks as it pursues you!
The gnoll hits you from afar with a +0 spear.
The ufetubus hits you but does no damage.
The ufetubus misses you. The gnoll attacks as it pursues you!
The gnoll closely misses you.
You barely miss the ufetubus.
The gnoll hits you from afar with a +0 spear!
* * * LOW HITPOINT WARNING * * *
The ufetubus closely misses you. The ufetubus barely misses you.
The gnoll hits you from afar with a +0 spear.
* * * LOW HITPOINT WARNING * * *
The ufetubus hits you but does no damage. x2
The ufetubus hits you.
* * * LOW HITPOINT WARNING * * *
The ufetubus hits you but does no damage.
The gnoll attacks as it pursues you! The gnoll hits you but does no damage.
The ufetubus hits you.
* * * LOW HITPOINT WARNING * * *
The ufetubus completely misses you. The gnoll attacks as it pursues you!
The gnoll hits you from afar with a +0 spear!
You die...

#####.#g## ####.#.####
#########
#........<####.......##
##.#.5#.##......#......#
.............)....###..#
##..5##......#..##.....#
#.#.#####.#.#..##.##.##
#.###.####.#.#)5##.##.#####
.# ##......ggg5@.........#
#### ##>##.....###..#####.#
.#.###.###....)# #..#####.#
#.#.#.## #.....# #.....##.#
.###.## #.....# ##.##.##.#
#.#.## ####### #.##.##.#
##)########### #.......#
#.# #..)....#########.####
##.###.#####........##.#


You could see 3 gnolls and 2 ufetubi.

Vanquished Creatures
  A howler monkey (D:5)
  A gnoll bouda (D:5)
  A hound (D:5)
  An iguana (D:5)
  4 gnolls (D:5)
  5 adders
  2 ufetubi (D:4)
  A dart slug (D:2)
  2 ribbon worms (D:2)
  2 orcs
  7 ball pythons
  4 bats
  2 endoplasms (D:2)
  3 giant cockroaches
  2 goblins
  7 hobgoblins
  4 jackals (D:3)
  6 kobolds
  2 quokkas (D:1)
  A frilled lizard (D:2)
  5 rats
63 creatures vanquished.

Notes
Turn   | Place    | Note
-------+----------+-------------------------------------------
     0 | D:1      | belegose the Vine Stalker Brigand began the quest for the
                  | Orb.
     0 | D:1      | Reached XP level 1. HP: 11/11 MP: 2/2
   296 | D:1      | Reached skill level 5 in Stealth
   312 | D:1      | Reached XP level 2. HP: 15/15 MP: 3/3
  1188 | D:2      | Reached XP level 3. HP: 16/18 MP: 4/4
  1743 | D:3      | Reached XP level 4. HP: 23/23 MP: 5/5
  2044 | D:3      | Found Ugoru's Assorted Antiques.
  2311 | D:4      | Found a hide-covered altar of Uskayaw.
  2703 | D:4      | Reached XP level 5. HP: 26/26 MP: 6/6
  2716 | D:4      | Noticed an ogre
  2786 | D:5      | Entered Level 5 of the Dungeon
  2810 | D:5      | Reached skill level 6 in Stealth
  3005 | D:5      | Reached XP level 6. HP: 26/30 MP: 7/7
  3109 | D:5      | Learned a level 2 spell: Blink
  3164 | D:5      | Slain by a gnoll

Illustrated notes

Levels and vault maps discovered:
D:1:      matt_arrival_diagonals, layout_basic, serial_corexii_hall,
          corexii_hall_statues_t, corexii_hall_statues_s, interstate_on_off
D:2:      layout_basic, mrwooster_statue_mirror,
          nicolae_concentric_dashed_squares_wild
D:3:      layout_basic, serial_shops, nicolae_shop_rolling_square
D:4:      layout_basic, nicolae_overflow_crystal_walls, chequers_jeans
D:5:      layout_loops_cross, old_standard_altar, trog_butcher_becter,
          kennysheep_mini, lemuel_tele_altar

Skill      XL: |  1  2  3  4  5 |
---------------+----------------+-----
Short Blades   | 2 3 |  3.6
Stealth        | 5 6 |  6.6
Throwing       | 2 3 |  3.6
Fighting       | |  1.7
Dodging        | |  0.7

Action                     |  1- 3 |  4- 6 || total
---------------------------+-------+-------++-------
  Melee: Dagger            |    62 |   127 ||   189
         Bite              |    12 |    35 ||    47
         Staff             |     7 |    11 ||    18
  Throw: Dart              |     3 |    15 ||    18
         Stone             |     2 |    16 ||    18
    Use: Potion            |       |     1 ||     1
   Stab: Sleeping          |    15 |     1 ||    16
 Armour: Robe              |    28 |    89 ||   117
  Dodge: Dodged            |    23 |    87 ||   110
